 Dungeon Crawl Stone Soup version 0.21.1-1-g345015fe64 (webtiles) character file.

89646 Peloso the Fencer (level 15, -2/139 HPs)
             Began as a Minotaur Fighter on June 3, 2018.
             Was the Champion of Okawaru.
             Slain by Rupert
             ... wielding a +1 great mace of protection
              (10 damage)
             ... on level 14 of the Dungeon.
             The game lasted 00:59:28 (22165 turns).

Peloso the Fencer (Minotaur Fighter)               Turns: 22165, Time: 00:59:29

Health: -2/139     AC: 23    Str: 40    XL:     15   Next: 49%
Magic:  15/15      EV: 16    Int:  9    God:    Okawaru [******]
Gold:   1127       SH: 25    Dex: 12    Spells: 14/14 levels left

rFire    . . .     SeeInvis .   a - +3 double sword (flame)
rCold    . . .     Gourm    .   l - +1 large shield of Crawling {Str+6 Int+4}
rNeg     . . .     Faith    +   L - +2 chain mail of the Arcane {Str+6 Slay+2}
rPois    .         Spirit   .   n - +2 hat
rElec    .         Reflect  .   B - +0 cloak
rCorr    .         Harm     .   r - +2 pair of gloves {Str+3}
MR       ++...                  K - +0 pair of boots {Fly}
Stlth    ..........             w - amulet of faith
HPRegen  0.33/turn              Q - +4 ring of evasion
MPRegen  0.14/turn              e - ring of protection from magic (curse)

@: flying, studying Air Magic
A: retaliatory headbutt, horns 2
a: Heroism, Finesse, Renounce Religion, Stop Flying


You were on level 14 of the Dungeon.
You worshipped Okawaru.
Okawaru was exalted by your worship.
You were hungry.

You visited 3 branches of the dungeon, and saw 22 of its levels.
You also visited: Labyrinth and Ossuary.

You collected 1337 gold pieces.
You spent 210 gold pieces at shops.

Inventory:

Hand Weapons
 a - a +3 double sword of flaming (weapon)
Missiles
 u - 2 tomahawks of dispersal (quivered)
Armour
 l - the +1 large shield of Crawling (worn) {Str+6 Int+4}
   (Okawaru gifted it to you on level 6 of the Lair of Beasts)

   It affects your strength (+6).
   It affects your intelligence (+4).
 n - a +2 hat (worn)
 r - a +2 pair of gloves of strength (worn)
 B - a +0 cloak (worn)
 K - a +0 pair of boots of flying (worn)
 L - the +2 chain mail of the Arcane (worn) {Str+6 Slay+2}
   (Okawaru gifted it to you on level 10 of the Dungeon)

   It affects your strength (+6).
   It affects your accuracy and damage with ranged weapons and melee attacks
   (+2).
Jewellery
 e - a cursed ring of protection from magic (right hand)
 w - an amulet of faith (around neck)
 M - an uncursed ring of protection from magic
 Q - a +4 ring of evasion (left hand)
 R - a +2 amulet of reflection
Wands
 v - a wand of flame (57)
 C - a wand of iceblast (22)
 D - a wand of polymorph (33)
 X - a wand of scattershot (4)
Scrolls
 g - 7 scrolls of identify
 j - 5 scrolls of magic mapping
 q - 11 scrolls of teleportation
 x - 9 scrolls of remove curse
 y - a scroll of silence
 z - a scroll of holy word
 G - 7 scrolls of fog
 H - 3 scrolls of blinking
 J - 3 scrolls of summoning
 T - 2 scrolls of enchant armour
 W - 2 scrolls of fear
Potions
 d - a potion of resistance
 h - 5 potions of haste
 i - 2 potions of heal wounds
 m - a potion of berserk rage
 p - 2 potions of magic
 s - 7 potions of curing
 E - 6 potions of might
 I - 2 potions of cancellation
 O - 4 potions of ambrosia
 P - a potion of agility
Books
 k - a manual of Air Magic
 N - Roxanne's Reference Book on the Mountains
   (You took it off Roxanne on level 14 of the Dungeon)

   Spells                             Type                      Level
   a - Sandblast                      Earth                        1
   b - Passwall                       Transmutation/Earth          2
   c - Leda's Liquefaction            Hexes/Earth                  4
   d - Iron Shot                      Conjuration/Earth            6
   e - Statue Form                    Transmutation/Earth          6
 Y - a book of Enchantments

   Spells                             Type                      Level
   a - Cause Fear                     Hexes                        4
   b - Yara's Violent Unravelling     Hexes/Transmutation          5
   c - Silence                        Hexes/Air                    5
   d - Deflect Missiles               Charms/Air                   6
   e - Discord                        Hexes                        8
 Z - a book of Debilitation

   Spells                             Type                      Level
   a - Corona                         Hexes                        1
   b - Slow                           Hexes                        2
   c - Inner Flame                    Hexes/Fire                   3
   d - Portal Projectile              Hexes/Translocation          3
   e - Cause Fear                     Hexes                        4
   f - Leda's Liquefaction            Hexes/Earth                  4
Miscellaneous
 b - a phantom mirror
 t - a box of beasts
Comestibles
 f - 34 rations


   Skills:
 + Level 14.3 Fighting
 + Level 17.4 Long Blades
 + Level 13.8 Armour
 + Level 8.1 Dodging
 + Level 2.3 Stealth
 + Level 16.8 Shields
 + Level 1.9 Invocations
 + Level 1.1 Evocations


You had 14 spell levels left.
You didn't know any spells.

Dungeon Overview and Level Annotations

Branches:
Dungeon (15/15)            Temple (1/1) D:5            Lair (6/6) D:10
  Swamp (0/4) Lair:4        Snake (0/4) Lair:2        Slime (0/5) Lair:5
    Orc (0/2) D:12         Vaults (0/5) D:13
 Depths: D:15

Altars:
Ashenzari
Cheibriados
Dithmenos
Elyvilon
Fedhas
Gozag
Hepliaklqana
Kikubaaqudgha
Makhleb
Nemelex Xobeh
Okawaru
Ru
Sif Muna
Trog
Vehumet
Wu Jian
Xom
Yredelemnul
Zin
The Shining One
Jiyva

Shops:
D:7 [*=   D:8 [   D:9 %

Annotations:
D:14 Rupert


Innate Abilities, Weirdness & Mutations

You reflexively headbutt those who attack you in melee.
You have a pair of horns on your head.


Message History

You slice Rupert!! You burn Rupert!
Rupert is almost dead.
You block Rupert's attack. The deep troll bites you.
* * * LOW HITPOINT WARNING * * *
You block the deep troll's attack. x2
Unknown command.
You slash Rupert! You burn Rupert.
Rupert is almost dead.
You block the red ugly thing's attack. You block Rupert's attack.
The deep troll barely misses you. The deep troll misses you.
You block the deep troll's attack.
Unknown command.
You barely miss Rupert. You headbutt Rupert.
Rupert is almost dead.
The red ugly thing trunk-slaps you.
* * * LOW HITPOINT WARNING * * *
You are engulfed in flames!
* * * LOW HITPOINT WARNING * * *
Rupert hits you with a great mace of protection!
You die...

........# #..# #..# #
........# #..# #..# #
.......)# #..# #..# #
).......# #..# #..# #
.......(# #..# ###..# #
(......(########..#####....#
#
........(...........[......#
#
.................T.........#
#
(..............u@@######...#
# (.......########..#
#...###### ........# #..#
#......... ........# #..#
#......... ........# #..#
#......... ........#
#####..## #.........
........# #.......###
#......... ........#
##.##...#..###.......<.
........#
#..#..#...#..#.........


You could see Rupert (berserk), a red ugly thing and a deep troll.

Vanquished Creatures
  Gastronok (Lair:1)
  Roxanne (D:14)
  Louise (D:14)
  Azrael (D:14)
  A minotaur (Lab)
  An ettin (D:15)
  The ghost of hurdos the Destroyer, a journeyman DEFE of Vehumet (D:11)
  Harold (Lair:2)
  12 hydras
  6 centaur warriors
  Erica (D:10)
  3 catoblepae (Lair:6)
  7 two-headed ogres
  11 death yaks (Lair:6)
  Urug (D:10)
  The ghost of tasys the Cleaver, a novice HOFi of the Shining One (D:8)
  4 skeletal warriors (D:12)
  Sonja (Lair:1)
  A shadow wraith (D:13)
  The ghost of Name63 the Reanimator, a novice GnNe of Cheibriados (D:7)
  A deep troll (D:13)
  A wizard (D:14)
  A phantasmal warrior (D:14)
  Pikel (D:4)
  2 manticores (Lair:6)
  2 ugly things (D:13)
  8 elephants (Lair:5)
  4 cyclopes
  7 black mambas
  2 gargoyles
  11 spiny frogs
  A torpor snail (Lair:3)
  4 komodo dragons
  A rime drake (Lair:5)
  A redback zombie (D:14)
  3 trolls
  A polar bear (Lair:6)
  3 slime creatures (D:13)
  8 hippogriffs
  28 blink frogs
  A hippogriff (shapeshifter) (D:14)
  A dream sheep (shapeshifter) (D:13)
  A spriggan (D:13)
  A vampire (D:14)
  A shadow (D:10)
  3 fire elementals (D:14)
  66 yaks
  2 wraiths
  Eustachio (Temple)
  4 wyverns
  A yak (shapeshifter) (D:13)
  2 basilisks (Lair:5)
  7 hungry ghosts
  A steam dragon (D:9)
  Menkaure (D:5)
  Edmund (D:6)
  4 nagas (Lair:2)
  A two-headed ogre zombie (D:12)
  7 water moccasins
  An acid dragon (D:14)
  9 porcupines
  2 hell hounds (D:14)
  4 eyes of draining
  4 ice beasts
  2 sky beasts
  3 orc warriors
  5 phantoms
  3 black bears
  A hornet zombie (D:9)
  10 centaurs
  5 ogres
  6 wolves (Lair:3)
  A boggart (D:15)
  11 crocodiles
  15 bullfrogs
  2 big kobolds
  Blork the orc (D:4)
  2 wyvern zombies (D:12)
  A wyvern skeleton (D:13)
  2 scorpions
  A troll zombie (D:12)
  11 killer bees
  12 wights
  3 howler monkeys
  5 crimson imps
  3 centaur zombies
  5 bullfrog zombies
  Crazy Yiuf (D:6)
  4 jellies
  2 quasits
  3 bullfrog skeletons
  11 orc priests
  5 centaur skeletons
  7 hounds
  2 iguanas
  Natasha (thrice) (D:4 D:5)
  8 orc wizards
  5 hell rats (Lair:5)
  10 worker ants
  A killer bee zombie (D:8)
  6 ogre zombies (D:12)
  3 hound skeletons
  A hound zombie (D:9)
  A mummy (Ossuary)
  A howler monkey zombie (D:7)
  A worker ant zombie (D:10)
  7 gnolls
  2 howler monkey skeletons
  14 adders
  A shadow imp (D:12)
  An ooze (D:5)
  2 adder skeletons (D:9)
  4 worms
  A dart slug (D:3)
  5 leopard geckos
  37 orcs
  9 giant cockroaches
  17 goblins
  9 hobgoblins
  2 jackals (D:1)
  9 quokkas
  4 ball pythons
  6 bats
  7 frilled lizards
  3 gnoll skeletons (Ossuary)
  3 goblin skeletons (D:12)
  A goblin zombie (D:12)
  A hobgoblin skeleton (D:12)
  2 hobgoblin zombies (D:12)
  15 kobolds
  5 kobold skeletons (Ossuary)
  19 orc skeletons
  16 orc zombies (D:12)
  A quokka zombie (D:8)
  7 rats
  A fungus (Lair:1)
  2 plants (Lair:1)
671 creatures vanquished.

Vanquished Creatures (others)
  2 fungi
  2 plants
4 creatures vanquished.

Grand Total: 675 creatures vanquished

Notes
Turn   | Place    | Note
-------+----------+-------------------------------------------
     0 | D:1      | Peloso the Minotaur Fighter began the quest for the Orb.
     0 | D:1      | Reached XP level 1. HP: 19/19 MP: 0/0
   144 | D:1      | Reached XP level 2. HP: 23/27 MP: 1/1
   708 | D:2      | Reached XP level 3. HP: 33/33 MP: 2/2
   716 | D:2      | Reached skill level 3 in Long Blades
   737 | D:2      | Reached XP level 4. HP: 11/40 MP: 3/3
  1104 | D:2      | Found a snail-covered altar of Cheibriados.
  1640 | D:3      | Found a hazy altar of Hepliaklqana.
  1642 | D:3      | Found a basalt altar of Yredelemnul.
  1644 | D:3      | Found a shattered altar of Ashenzari.
  1989 | D:3      | Reached XP level 5. HP: 45/46 MP: 4/4
  2029 | D:3      | Reached skill level 4 in Long Blades
  2075 | D:3      | Noticed an ogre
  2090 | D:3      | Killed an ogre
  2090 | D:3      | Reached skill level 5 in Armour
  2446 | D:4      | Reached XP level 6. HP: 52/53 MP: 5/5
  2471 | D:4      | Noticed Blork the orc
  2475 | D:4      | Killed Blork the orc
  2475 | D:4      | Reached skill level 5 in Long Blades
  2580 | D:4      | Reached skill level 1 in Dodging
  2595 | D:4      | Reached skill level 5 in Shields
  2659 | D:4      | Noticed Natasha
  2665 | D:4      | Killed Natasha
  2708 | D:4      | Noticed Natasha
  2792 | D:4      | Noticed a slave
  2795 | D:4      | Noticed Pikel
  2799 | D:4      | Noticed a slave
  2801 | D:4      | Killed Pikel
  2801 | D:4      | Reached skill level 5 in Fighting
  2801 | D:4      | Reached skill level 7 in Long Blades
  2801 | D:4      | Reached XP level 7. HP: 47/61 MP: 6/6
  3065 | D:4      | Found a white marble altar of Elyvilon.
  3141 | D:4      | Reached XP level 8. HP: 60/69 MP: 7/7
  3499 | D:5      | Entered Level 5 of the Dungeon
  3499 | D:5      | Noticed Eustachio
  3517 | D:5      | Killed Natasha
  3536 | D:5      | Found a staircase to the Ecumenical Temple.
  3548 | D:5      | Noticed Menkaure
  3550 | Temple   | Entered the Ecumenical Temple
  3606 | Temple   | Became a worshipper of Warmaster Okawaru
  3664 | Temple   | Killed Eustachio
  4002 | D:5      | Killed Menkaure
  4002 | D:5      | Reached * piety under Okawaru
  4002 | D:5      | Reached skill level 8 in Long Blades
  4069 | D:5      | Found an opulent altar of Gozag.
  4123 | D:5      | Found a sparkling altar of Nemelex Xobeh.
  4138 | D:5      | Found a deep blue altar of Sif Muna.
  4273 | D:5      | Found a glowing golden altar of the Shining One.
  4295 | D:5      | Got a brightly glowing whip
  4296 | D:5      | Identified the +5 whip of Gluttony {venom, +Fly rC- MR+++ Dex-4} (You found it on level 5 of the Dungeon)
  4334 | D:5      | Noticed Natasha
  4344 | D:5      | Killed Natasha
  4746 | D:6      | Found a runed door.
  4750 | D:6      | Noticed Crazy Yiuf
  4755 | D:6      | Killed Crazy Yiuf
  4828 | D:6      | Reached XP level 9. HP: 34/75 MP: 8/8
  4846 | D:6      | Reached ** piety under Okawaru
  5286 | D:6      | Noticed Edmund
  5297 | D:6      | Killed Edmund
  5297 | D:6      | Reached skill level 9 in Long Blades
  5745 | D:7      | Noticed Name63's ghost (novice GnNe)
  5766 | D:7      | HP: 2/79 [Name63's ghost (5)]
  5769 | D:7      | Killed Name63's ghost
  6012 | D:7      | Found Tucs's Armour Emporium.
  6041 | D:7      | Found Zidghit's Assorted Antiques.
  6078 | D:7      | Found Imecwaa's Jewellery Shop.
  6340 | D:7      | Reached skill level 10 in Long Blades
  6345 | D:7      | Found a sacrificial altar of Ru.
  6369 | D:7      | Noticed an angel
  6370 | D:7      | Found a shimmering altar of Xom.
  6377 | D:7      | Found a glowing silver altar of Zin.
  6775 | D:8      | Noticed tasys's ghost (novice HOFi)
  6781 | D:8      | Reached skill level 1 in Invocations
  6787 | D:8      | Killed tasys's ghost
  6787 | D:8      | Reached *** piety under Okawaru
  6787 | D:8      | Reached XP level 10. HP: 88/88 MP: 9/9
  7008 | D:8      | Noticed a two-headed ogre
  7015 | D:8      | Killed a two-headed ogre
  7030 | D:8      | Reached skill level 11 in Long Blades
  7052 | D:8      | Found Turoonua's Antique Armour Boutique.
  7100 | D:8      | Found a sand-covered staircase.
  7106 | Ossuary  | Entered an ossuary
  7490 | D:8      | Bought a pair of embroidered boots for 210 gold pieces
  7532 | D:8      | Reached **** piety under Okawaru
  7934 | D:9      | Reached skill level 1 in Stealth
  7960 | D:9      | Found an ornate altar of the Wu Jian Council.
  7980 | D:9      | Noticed a two-headed ogre
  7988 | D:9      | Killed a two-headed ogre
  8361 | D:9      | Found Unuung's Food Boutique.
  8438 | D:9      | Noticed a two-headed ogre
  8447 | D:9      | Killed a two-headed ogre
  8447 | D:9      | Reached skill level 10 in Shields
  8447 | D:9      | Reached XP level 11. HP: 81/97 MP: 10/10
  8517 | D:9      | Reached ***** piety under Okawaru
  8531 | D:9      | Reached skill level 12 in Long Blades
  8673 | D:9      | Found an ornate altar of the Wu Jian Council.
  8895 | D:10     | Entered Level 10 of the Dungeon
  9211 | D:10     | Noticed Erica
  9236 | D:10     | Killed Erica
  9236 | D:10     | Received a gift from Okawaru
  9236 | D:10     | Reached skill level 10 in Armour
  9257 | D:10     | Got an ichor-stained chain mail {god gift}
  9268 | D:10     | Identified the +2 chain mail of the Arcane {Str+6 Slay+2} (Okawaru gifted it to you on level 10 of the Dungeon)
  9456 | D:10     | Found a staircase to the Lair.
  9535 | D:10     | Noticed Urug
  9552 | D:10     | Killed Urug
  9552 | D:10     | Reached skill level 10 in Fighting
  9552 | D:10     | Reached skill level 1 in Evocations
  9973 | D:11     | Noticed a six-headed hydra
  9981 | D:11     | Killed a three-headed hydra
  9981 | D:11     | Reached skill level 13 in Long Blades
 10478 | D:11     | Noticed hurdos's ghost (journeyman DEFE)
 10858 | D:10     | HP: 5/101 [burnt (8)]
 11427 | Lair:1   | Entered Level 1 of the Lair of Beasts
 11519 | Lair:1   | Reached XP level 12. HP: 81/107 MP: 11/11
 11605 | Lair:1   | Noticed Gastronok
 11623 | Lair:1   | Killed Gastronok
 11623 | Lair:1   | Received a gift from Okawaru
 11623 | Lair:1   | Reached skill level 5 in Dodging
 11653 | Lair:1   | Noticed Sonja
 12366 | Lair:1   | Killed Sonja
 12823 | Lair:2   | Noticed Harold
 12830 | Lair:2   | Killed Harold
 12830 | Lair:2   | Reached skill level 14 in Long Blades
 12996 | Lair:2   | Found a staircase to the Snake Pit.
 13575 | Lair:3   | Reached ****** piety under Okawaru
 14285 | Lair:4   | Noticed a seven-headed hydra
 14292 | Lair:4   | Killed a five-headed hydra
 14292 | Lair:4   | Received a gift from Okawaru
 14299 | Lair:4   | Noticed a six-headed hydra
 14320 | Lair:4   | Killed a four-headed hydra
 14320 | Lair:4   | Reached XP level 13. HP: 83/116 MP: 13/13
 14408 | Lair:4   | Reached skill level 15 in Long Blades
 14942 | Lair:4   | Found a staircase to the Swamp.
 15144 | Lair:4   | Identified a scroll of acquirement
 15342 | Lair:5   | Found a staircase to the Slime Pits.
 15465 | Lair:5   | Received a gift from Okawaru
 15515 | Lair:5   | Found a viscous altar of Jiyva.
 16073 | Lair:6   | Entered Level 6 of the Lair of Beasts
 16162 | Lair:6   | Reached skill level 16 in Long Blades
 16178 | Lair:6   | Found a labyrinth entrance.
 16187 | Lab      | Entered a labyrinth
 16369 | Lab      | Noticed a minotaur
 16375 | Lab      | Killed a minotaur
 16380 | Lab      | Identified the Tome of Icy Confrontation
 16997 | Lair:6   | Reached XP level 14. HP: 116/127 MP: 14/14
 17170 | Lair:6   | Received a gift from Okawaru
 17575 | Lair:6   | Reached skill level 15 in Shields
 18039 | Lair:6   | Received a gift from Okawaru
 18042 | Lair:6   | Got a polished large shield {god gift}
 18053 | Lair:6   | Identified the +1 large shield of Crawling {Str+6 Int+4} (Okawaru gifted it to you on level 6 of the Lair of Beasts)
 18714 | D:11     | Killed hurdos's ghost
 19510 | D:12     | Found a staircase to the Orcish Mines.
 20136 | D:13     | Reached skill level 17 in Long Blades
 20136 | D:13     | Reached XP level 15. HP: 109/137 MP: 10/15
 20383 | D:13     | Received a gift from Okawaru
 20424 | D:13     | Found a gate to the Vaults.
 21016 | D:14     | Noticed Roxanne
 21027 | D:14     | Killed Roxanne
 21028 | D:14     | Identified Roxanne's Reference Book on the Mountains (You took it off Roxanne on level 14 of the Dungeon)
 21103 | D:14     | Noticed Louise
 21124 | D:14     | Killed Louise
 21242 | D:14     | Noticed Azrael
 21260 | D:14     | Killed Azrael
 21718 | D:15     | Entered Level 15 of the Dungeon
 21736 | D:15     | Received a gift from Okawaru
 21737 | D:15     | Noticed Rupert
 22165 | D:14     | Slain by Rupert

Skill      XL: |  1  2  3  4  5  6  7  8  9 10 11 12 13 14 15 |
---------------+----------------------------------------------+-----
Fighting       | 4 5 6 7 9 10 11 12 13 14 | 14.3
Shields        | 4 5 7 8 10 11 12 14 16 | 16.8
Long Blades    | 3 4 7 8 10 11 13 14 16 17 | 17.4
Armour         | 4 5 6 7 8 9 10 12 13 | 13.8
Dodging        | 2 3 4 6 7 8 |  8.1
Invocations    | 1 |  1.9
Stealth        | 1 2 |  2.3
Evocations     | 1 |  1.1

Action                   |  1- 3 |  4- 6 |  7- 9 | 10-12 | 13-15 || total
-------------------------+-------+-------+-------+-------+-------++-------
Melee: Long sword        |    93 |   140 |   338 |   349 |       ||   920
       Headbutt          |    22 |    31 |    91 |   166 |   266 ||   576
       Scimitar          |       |       |       |   179 |    13 ||   192
       Demon blade       |       |       |       |   144 |    33 ||   177
       Double sword      |       |       |       |       |   677 ||   677
Invok: Heroism           |       |       |     2 |     6 |     3 ||    11
Evoke: Wand              |       |       |       |    10 |       ||    10
  Use: Scroll            |       |       |    15 |    10 |    10 ||    35
       Potion            |       |       |     2 |     3 |       ||     5
  Eat: Chunk             |       |     6 |    12 |    23 |    22 ||    63
       Ration            |       |       |       |     1 |     1 ||     2
Armor: Scale mail        |    40 |    28 |    73 |       |       ||   141
       Plate armour      |       |       |    16 |   202 |       ||   218
       Chain mail        |       |       |       |   108 |   186 ||   294
Dodge: Dodged            |    17 |    41 |   111 |   182 |   253 ||   604
Block: Shield            |    46 |    61 |   149 |   440 |   106 ||   802
       Large shield      |       |       |       |       |   666 ||   666
       Reflection        |       |       |       |       |    15 ||    15
       Rpst.: Long sword |     4 |     9 |    24 |    17 |       ||    54
       Scimitar          |       |       |       |    13 |     3 ||    16
       Demon blade       |       |       |       |    12 |     9 ||    21
       Double sword      |       |       |       |       |    55 ||    55
